 Dungeon Crawl Stone Soup version 0.23.2 (webtiles) character file.

Game seed: 2854183535290754532

76 AngleWyrm the Caller (level 4, -4/31 HPs)
             Began as a Merfolk Summoner on Apr 21, 2019.
             Slain by a gnoll
             ... wielding a +0 halberd
              (8 damage)
             ... on level 3 of the Dungeon.
             The game lasted 00:36:14 (3605 turns).

AngleWyrm the Caller (Merfolk Summoner)             Turns: 3605, Time: 00:36:14

Health: -4/31      AC:  3    Str:  9    XL:     4   Next: 32%
Magic:  2/8        EV: 13    Int: 14    God:
Gold:   100        SH:  0    Dex: 14    Spells: 2/8 levels left

rFire    . . .     SeeInvis .   f - +0 short sword
rCold    . . .     Gourm    .   (no shield)
rNeg     . . .     Faith    .   a - +0 robe
rPois    .         Spirit   .   (no helmet)
rElec    .         Reflect  .   g - +0 cloak
rCorr    .         Harm     .   (no gloves)
MR       .....                  (no boots)
Stlth    ++........             (no amulet)
HPRegen  0.10/turn              (no ring)
MPRegen  0.11/turn              (no ring)

@: no status effects
A: change form in water, swift swim, stealthy swim
a: no special abilities


You were on level 3 of the Dungeon.
You were not hungry.

You visited 1 branch of the dungeon, and saw 3 of its levels.

You collected 100 gold pieces.

Inventory:

Hand Weapons
 f - a +0 short sword (weapon)
Missiles
 i - 35 stones (quivered)
 m - 19 poisoned needles
Armour
 a - a +0 robe (worn)
 g - a +0 cloak (worn)
 n - a +0 helmet
 u - a +0 ring mail
Wands
 j - a wand of enslavement (9)
Scrolls
 b - a scroll of remove curse {unknown}
 h - a scroll of magic mapping
 o - a scroll of teleportation
 q - 2 scrolls of enchant weapon {unknown}
 t - 3 scrolls of identify {unknown}
 v - a scroll of amnesia {unknown}
Potions
 d - a potion of degeneration {unknown}
 e - a potion of mutation {unknown}
 k - a potion of cancellation {unknown}
 l - a potion of berserk rage {unknown}
 p - a potion of invisibility {unknown}
 r - a potion of flight {unknown}
 s - a potion of brilliance {unknown}
Comestibles
 c - 3 rations
 w - 6 chunks of flesh


   Skills:
 + Level 0.5 Fighting
 + Level 0.6 Short Blades
 * Level 0.3 Throwing
 + Level 3.0 Dodging
 + Level 2.6 Stealth
 + Level 2.8 Spellcasting
 + Level 4.7 Summonings


You had 2 spell levels left.
You knew the following spells:

 Your Spells              Type           Power        Failure   Level  Hunger
a - Summon Small Mammal   Summ           ###.         3%          1    #......
b - Call Imp              Summ           ###.....     4%          2    ###....
c - Call Canine Familiar  Summ           ###.....     10%         3    ###....

Your spell library contained the following spells:

 Spells                   Type           Power        Failure   Level  Hunger
 Summon Guardian Golem    Hex/Summ       #.......     26%         3    ###....
 Summon Ice Beast         Ice/Summ       #.......     63%         4    #####..
 Summon Lightning Spire   Summ/Air       #.......     63%         4    #####..


Dungeon Overview and Level Annotations

Branches:
Dungeon (3/15)

Altars:
Gozag


Message History

Press: ? - help, Shift-Dir - straight line, f/p - gnoll
Aim: a gnoll, wielding a +0 spear and wearing a +0 ring mail (severely wounded)
You throw a stone.
The stone hits the gnoll but does no damage.
The gnoll is severely wounded.
Your hound bites the gnoll but does no damage.
The gnoll closely misses you.
Your hound bites the gnoll.
The gnoll dies!
The gnoll hits your hound with a +0 whip.
Throwing (i - inventory)
i - 36 stones (quivered)
Press: ? - help, Shift-Dir - straight line, f - gnoll
Aim: a gnoll, wielding a +0 halberd You throw a stone.
The stone hits the gnoll but does no damage.
Your hound bites the gnoll.
The gnoll dies!
The gnoll hits you from afar with a +0 halberd!
* * * LOW HITPOINT WARNING * * *
Your hound bites the gnoll.
The gnoll hits you with a +0 halberd!
You die...

#.##..#..#..# #.
#.#
#.##..#..#..#..
..#
#.##>.......#.#
#.###....#..#.#
#.###.รท........
#.............#
######.####.###
#.####.#
#.....@##
#####)hg# #...#
#()(# #...#
#...# ..(..
...... ........


You could see a gnoll and a friendly hound.

Vanquished Creatures
  An adder (D:2)
  An ooze (D:2)
  A dart slug (D:1)
  2 leopard geckos
  A giant cockroach (D:2)
  A goblin (D:1)
  A hobgoblin (D:1)
  3 jackals (D:1)
  A quokka (D:2)
  3 bats
  4 kobolds
  5 rats
24 creatures vanquished.

Vanquished Creatures (collateral kills)
  3 gnolls (D:3)
  A worm (D:2)
  2 dart slugs
  An orc (D:3)
  A ball python (D:1)
  2 giant cockroaches
  3 goblins
  2 hobgoblins (D:2)
  A jackal (D:1)
  6 kobolds
  A quokka (D:2)
  A bat (D:3)
  4 frilled lizards
  5 rats
33 creatures vanquished.

Vanquished Creatures (others)
  A hobgoblin (D:1)
1 creature vanquished.

Grand Total: 58 creatures vanquished

Notes
Turn   | Place    | Note
-------+----------+-------------------------------------------
     0 | D:1      | AngleWyrm the Merfolk Summoner began the quest for the Orb.
     0 | D:1      | Reached XP level 1. HP: 13/13 MP: 3/3
   172 | D:1      | Reached XP level 2. HP: 17/19 MP: 3/5
  1778 | D:1      | Learned a level 2 spell: Call Imp
  1892 | D:2      | Reached XP level 3. HP: 19/24 MP: 6/6
  1897 | D:2      | Learned a level 3 spell: Call Canine Familiar
  2594 | D:2      | Found an opulent altar of Gozag.
  3410 | D:3      | Reached XP level 4. HP: 23/31 MP: 1/8
  3605 | D:3      | Slain by a gnoll

Skill      XL: |  1  2  3 |
---------------+----------+-----
Dodging        | 3 |  3.0
Fighting       | |  0.5
Short Blades   | |  0.6
Throwing       | |  0.3
Stealth        | |  2.6
Spellcasting   | |  2.8
Summonings     | |  4.7

Action                   |  1- 3 |  4- 6 || total
-------------------------+-------+-------++-------
Melee: Club              |    37 |       ||    37
       Unarmed           |     3 |       ||     3
       Short sword       |    77 |     1 ||    78
Throw: Stone             |       |     8 ||     8
 Cast: Summon Small Mamm |    42 |       ||    42
       Call Canine Famil |     6 |     3 ||     9
       Call Imp          |     6 |     1 ||     7
  Use: Scroll            |     2 |       ||     2
       Potion            |     1 |       ||     1
 Stab: Distracted        |     1 |       ||     1
  Eat: Chunk             |     6 |     1 ||     7
       Ration            |     1 |       ||     1
Armor: Robe              |    28 |       ||    28
Dodge: Dodged            |   114 |     6 ||   120
